 Dungeon Crawl Stone Soup version 0.31-a0-1370-gf52a5a9ab3 (webtiles) character file.

Game seed: 794468493135895443

26620 Pooter the Fencer (level 12, -16/169 HPs)
             Began as a Minotaur Monk on Dec 23, 2023.
             Was a Priest of Trog.
             Demolished by a two-headed ogre
             ... wielding a +0 giant club
              (18 damage)
             ... on level 2 of the Orcish Mines.
             The game lasted 01:15:36 (25097 turns).

Pooter the Fencer (Minotaur Monk)                  Turns: 25097, Time: 01:15:37

Health: -16/169    AC: 12    Str: 17    XL:     12   Next: 99%
Magic:  11/11      EV: 11    Int:  7    God:    Trog [***...]
Gold:   1087       SH:  0    Dex: 23    Spells: 11/11 levels left

rFire   . . .        l - +3 triple sword (holy)
rCold   . . .        (shield currently unavailable)
rNeg    . . .        i - +0 plate armour
rPois   .            (helmet restricted)
rElec   .            d - +0 cloak
rCorr   .            (no gloves)
SInv    .            (no boots)
Will    .....        (no amulet) Stlth
                     n - +5 ring of evasion
HPRegen 0.48/turn    e - +6 ring of dexterity
MPRegen 0.12/turn

%: no passive effects
@: berserking, very quick
A: horns 2, retaliatory headbutt
a: Renounce Religion, Berserk, Trog's Hand


You were on level 2 of the Orcish Mines.
You worshipped Trog.
Trog was most pleased with you.
You visited 2 branches of the dungeon, and saw 13 of its levels.

You collected 1087 gold pieces.

Inventory:

Hand Weapons
 a - a +3 falchion of flaming
   (You found it on level 1 of the Dungeon)
 b - a +3 arbalest
   (You took it off a kobold blastminer on level 2 of the Orcish Mines)
 j - a +2 heavy arbalest
   (You found it on level 4 of the Dungeon)
 l - a +3 triple sword of holy wrath (weapon)
   (You found it on level 1 of the Dungeon)
 p - a +0 battleaxe
   (You took it off an orc knight on level 2 of the Orcish Mines)
 r - a +3 morningstar of flaming
   (You took it off a wight on level 4 of the Dungeon)
 E - a +1 trident of freezing
   (You took it off an orc on level 5 of the Dungeon)
Missiles
 o - 10 boomerangs (quivered)
 t - 22 poisoned darts
 F - a curare-tipped dart
 Q - 105 stones
Armour
 d - a +0 cloak (worn)
   (You took it off Maurice on level 6 of the Dungeon)
 i - a +0 plate armour (worn)
   (You took it off an orc warrior on level 2 of the Orcish Mines)
 H - an orb of light
Jewellery
 e - a +6 ring of dexterity (right hand)
   (You found it on level 9 of the Dungeon)
 n - a +5 ring of evasion (left hand)
   (You found it on level 2 of the Dungeon)
 v - a ring of willpower
   (You found it on level 4 of the Dungeon)
 C - a ring of resist corrosion
   (You took it off a centaur on level 8 of the Dungeon)
Wands
 f - a wand of flame (18)
   (You took it off Dowan on level 5 of the Dungeon)
 D - a wand of light (11)
   (You took it off an orc wizard on level 5 of the Dungeon)
 G - a wand of roots (16)
   (You found it on level 3 of the Dungeon)
 I - a wand of polymorph (5)
   (You took it off Maurice on level 6 of the Dungeon)
 K - a wand of charming (4)
   (You found it on level 9 of the Dungeon)
Scrolls
 g - a scroll of vulnerability {!r}
 h - a scroll of noise {!r}
 m - 2 scrolls of immolation {!r}
 y - a scroll of fear
Potions
 c - a potion of ambrosia
 k - a potion of cancellation {unknown}
 q - a potion of resistance {unknown}
 s - 2 potions of might
 u - 2 potions of haste {unknown}
 w - 3 potions of heal wounds {@q2}
 z - 2 potions of brilliance {unknown}
 A - 2 potions of attraction {!q}
 B - a potion of mutation {unknown}
 L - 3 potions of curing {@q1}
Miscellaneous
 J - a tin of tremorstones (inert)
   (You found it on level 8 of the Dungeon)


   Skills:
 + Level 12.5 Fighting
 * Level 16.5 Long Blades
 - Level 4.3 Axes
 * Level 14.4 Ranged Weapons
 + Level 3.4 Armour
 - Level 3.2 Dodging


You had 11 spell levels left.
You didn't know any spells.
Your spell library contained the following spells:

 Spells                   Type           Power      Damage    Failure   Level
 Slow                     Hex            0%         N/A       100%        1
 Confusing Touch          Hex            0%         N/A       100%        3
 Sigil of Binding         Hex            0%         N/A       100%        3
 Vampiric Draining        Necr           0%         2d6       100%        3


Dungeon Overview and Level Annotations

Branches:
Dungeon (11/15) Zot: 21254  Temple (0/1) D:4            Lair (0/5) D:11
    Orc (2/2) D:11 Zot: 7461
    Elf: Orc:2

Altars:
Elyvilon
Fedhas
Okawaru
Trog
Xom
Yredelemnul

Shops:
D:6 (   D:8 (   Orc:2 (

Annotations:
D:8 3 transporters


Innate Abilities, Weirdness & Mutations

You have a pair of horns on your head.
You reflexively headbutt those who attack you in melee.


Message History

You feel a strong urge to attack something.
You are no longer berserk.
You are exhausted.
You feel yourself slow down.
You start resting.
You feel the effects of Trog's Hand fading.
You start resting.
Your skin stops crawling.
You feel less strong-willed.
You start resting.
You feel yourself speed up.
You start resting.
You recover from your berserk rage.
You start resting.
Items here: ) [[ †.
There is a stone staircase leading down, spattered with blood here.
You climb downwards.
There is a stone staircase leading up here.
The two-headed ogre hits you with a +0 giant club!! x2
The ogre mage points at you and mumbles some strange words.
You suddenly lose the ability to move!
You stop ascending the stairs.
An ogre comes into view. It is wielding a +0 giant club.
The two-headed ogre hits you with a +0 giant club!!
* * * LOW HITPOINT WARNING * * *
The two-headed ogre hits you with a +0 giant club.
* * * LOW HITPOINT WARNING * * *
The ogre mage hits you but does no damage.
You can move again.
A red film seems to cover your vision as you go berserk!
You feel yourself moving faster!
You feel mighty! The two-headed ogre closely misses you.
You furiously retaliate!
You headbutt the two-headed ogre!
The two-headed ogre hits you with a +0 giant club!
* * * LOW HITPOINT WARNING * * *
The ogre mage hits you with a +0 flail!
* * * LOW HITPOINT WARNING * * *
You slash the ogre mage! You slice the ogre mage!! You headbutt the ogre mage.
The two-headed ogre hits you with a +0 giant club.
* * * LOW HITPOINT WARNING * * *
The two-headed ogre closely misses you.
You slash the ogre mage! You headbutt the ogre mage!
You kill the ogre mage!
Trog accepts your kill.
Trog appreciates your killing of a magic user.
You slash the two-headed ogre! The ogre completely misses you.
You furiously retaliate!
You headbutt the ogre!
The two-headed ogre hits you with a +0 giant club!
* * * LOW HITPOINT WARNING * * *
The two-headed ogre hits you with a +0 giant club!!
You die...

##........# #.................
#.......... #...))............
#.......#.####.....<...........
#...... #......[...........
#.._..# ####..........).......
###.....####.#...#...............
8...^...#.#.....<................
.......#...#...O.................
.).)#)..#...#..)@...#..#.........
Oo.).#.....#..[O...#.............
8.#)..{.o...........#........#...
##.#.##..#...∩.................
####...#......#.................
#..#..###.....#.#...............
#.))..##........................
#))#)..#........................
#).##......##..#................


You could see a two-headed ogre and an ogre.

Vanquished Creatures
  An orc warlord (Orc:1)
  A catoblepas (D:11)
  Erolcha (D:9)
  An ogre mage (Orc:2)
  2 two-headed ogres
  An orc high priest (Orc:2)
  Nergalle (Orc:2)
  Pikel (D:9)
  An orc knight (Orc:2)
  Maurice (D:6)
  3 orc sorcerers
  4 kobold blastminers (Orc:2)
  8 centaur zombies (D:11)
  2 kobold demonologists
  A komodo dragon (D:11)
  7 trolls
  A hornet (D:10)
  2 polar bears (D:8)
  Grinder (D:5)
  A wraith (D:11)
  3 wyverns
  2 shadows
  A water elemental (D:11)
  A vampire (D:9)
  19 yaks
  2 wargs
  4 steam dragons
  2 acid dragons
  Duvessa (D:5)
  3 water moccasins
  2 ice beasts
  16 orc warriors
  2 sky beasts (D:8)
  6 ogres
  4 centaurs
  5 wolves
  A lemure (D:9)
  2 phantoms
  2 kobold brigands
  Blork the orc (D:5)
  7 bullfrogs
  4 scorpions
  9 wights
  Dowan (D:5)
  6 killer bees
  4 howler monkeys
  3 electric eels
  5 jellies
  9 hounds
  15 orc priests
  A gnoll bouda (D:4)
  2 sleepcaps
  Jessica (D:2)
  2 boggart zombies (D:11)
  18 orc wizards
  A centaur simulacrum (D:8)
  A howler monkey zombie (D:11)
  8 gnolls
  7 adders
  2 shadow imps (D:6)
  5 white imps (D:8)
  A bombardier beetle (D:4)
  4 ufetubi (D:6)
  A worm (D:5)
  2 dart slugs
  66 orcs
  7 bats
  7 endoplasms
  4 giant cockroaches
  12 goblins
  2 hobgoblins (D:1)
  2 jackals (D:2)
  3 quokkas
  7 ball pythons
  A frilled lizard (D:3)
  15 kobolds
  7 rats (D:1)
372 creatures vanquished.

Vanquished Creatures (others)
  An orc (D:8)
1 creature vanquished.

Grand Total: 373 creatures vanquished

Notes
Turn   | Place    | Note
-------+----------+-------------------------------------------
     0 | D:1      | Pooter the Minotaur Monk began the quest for the Orb.
     0 | D:1      | Reached XP level 1. HP: 19/19 MP: 0/0
    57 | D:1      | Reached XP level 2. HP: 20/27 MP: 1/1
   371 | D:1      | Reached skill level 1 in Long Blades
   380 | D:1      | Reached XP level 3. HP: 33/33 MP: 2/2
   811 | D:2      | Found a faded altar of an unknown god.
   832 | D:2      | Found a shimmering altar of Xom.
   845 | D:2      | Noticed Jessica
   854 | D:2      | Killed Jessica
   855 | D:2      | Reached skill level 2 in Long Blades
   855 | D:2      | Reached XP level 4. HP: 41/41 MP: 3/3
  1197 | D:3      | Found a bloodstained altar of Trog.
  1208 | D:3      | Reached skill level 3 in Long Blades
  1210 | D:3      | Became a worshipper of Trog the Wrathful
  1210 | D:3      | Reached * piety under Trog
  1210 | D:3      | Reached ** piety under Trog
  1280 | D:3      | Found a blossoming altar of Fedhas.
  1807 | D:3      | Reached skill level 5 in Fighting
  1807 | D:3      | Reached XP level 5. HP: 48/48 MP: 4/4
  1859 | D:3      | Reached skill level 4 in Long Blades
  1998 | D:4      | Noticed an ogre
  2003 | D:4      | Killed an ogre
  2059 | D:4      | Found a staircase to the Ecumenical Temple.
  2173 | D:4      | Reached skill level 5 in Long Blades
  2207 | D:4      | Reached XP level 6. HP: 17/56 MP: 5/5
  2484 | D:4      | Reached skill level 1 in Ranged Weapons
  2611 | D:4      | Reached skill level 6 in Long Blades
  2621 | D:4      | Reached XP level 7. HP: 60/63 MP: 6/6
  2645 | D:4      | Identified the +0 robe of Repulsion {Archmagi}
  3320 | D:5      | Entered Level 5 of the Dungeon
  3361 | D:5      | Reached skill level 7 in Long Blades
  3473 | D:5      | Identified the +2 leather armour of the Past {Will+ Int+3
                  | Dex+4}
  3579 | D:5      | Noticed Grinder
  3595 | D:5      | Reached XP level 8. HP: 71/71 MP: 7/7
  3622 | D:5      | Noticed Dowan
  3623 | D:5      | Noticed Duvessa
  3634 | D:5      | Killed Duvessa
  3635 | D:5      | Reached skill level 5 in Ranged Weapons
  3637 | D:5      | Killed Dowan
  3637 | D:5      | Reached *** piety under Trog
  3638 | D:5      | Reached skill level 8 in Long Blades
  3644 | D:5      | Killed Grinder
  3779 | D:5      | Noticed Blork the orc
  3791 | D:5      | Killed Blork the orc
  4300 | D:5      | Found a white marble altar of Elyvilon.
  4716 | D:5      | Reached skill level 9 in Long Blades
  4786 | D:6      | Found Askidd's Weapon Emporium.
  5017 | D:5      | Reached XP level 9. HP: 81/81 MP: 8/8
  7214 | D:7      | Noticed Maurice
  7220 | D:7      | Something stole a +1 triple sword of holy wrath
  7222 | D:7      | Found a basalt altar of Yredelemnul.
  7223 | D:7      | Something stole 72 stones
  7226 | D:6      | Something stole an orb of light
  7227 | D:6      | Something stole 352 gold
  7241 | D:6      | Killed Maurice
  7242 | D:6      | Reached skill level 10 in Long Blades
  7518 | D:7      | Noticed a two-headed ogre
  7526 | D:7      | Killed a two-headed ogre
  7527 | D:7      | Reached skill level 11 in Long Blades
  7527 | D:7      | Reached XP level 10. HP: 73/91 MP: 9/9
  7842 | D:7      | Found a shimmering altar of Xom.
  7842 | D:7      | Found an iron altar of Okawaru.
 10909 | D:8      | Found Semongim's Weapon Shoppe.
 11300 | D:8      | Found a transporter.
 11302 | D:8      | Found a transporter.
 11304 | D:8      | Found a transporter.
 11434 | D:8      | Reached skill level 12 in Long Blades
 11515 | D:8      | Reached skill level 10 in Ranged Weapons
 12134 | D:8      | Found a transporter.
 12257 | D:9      | Reached skill level 10 in Fighting
 12924 | D:9      | Reached **** piety under Trog
 13002 | D:9      | Noticed Erolcha
 13025 | D:9      | Killed Erolcha
 13026 | D:9      | Reached skill level 13 in Long Blades
 13026 | D:9      | Reached XP level 11. HP: 100/100 MP: 10/10
 13032 | D:9      | Noticed Pikel
 13038 | D:9      | Killed Pikel
 14241 | D:10     | Entered Level 10 of the Dungeon
 14522 | D:10     | Noticed a two-headed ogre
 14537 | D:10     | Killed a two-headed ogre
 15050 | D:11     | Reached skill level 14 in Long Blades
 17805 | D:11     | Found a staircase to the Lair.
 19075 | D:11     | Found a basalt altar of Yredelemnul.
 19087 | D:11     | Reached XP level 12. HP: 78/110 MP: 11/11
 19090 | D:11     | Reached skill level 15 in Long Blades
 19348 | D:11     | Noticed a catoblepas
 19365 | D:11     | Killed a catoblepas
 20339 | D:11     | Found a staircase to the Orcish Mines.
 20673 | Orc:1    | Entered Level 1 of the Orcish Mines
 22322 | Orc:1    | Paralysed by an orc sorcerer for 2 turns
 22555 | Orc:2    | Entered Level 2 of the Orcish Mines
 22555 | Orc:2    | Found Huguzxoakh's Antique Weapon Emporium.
 22790 | Orc:2    | Reached skill level 1 in Armour
 23180 | Orc:2    | Noticed an ogre mage
 23204 | Orc:2    | Reached skill level 16 in Long Blades
 23802 | Orc:2    | Found a bloodstained altar of Trog.
 23803 | Orc:2    | Noticed an orc high priest
 23809 | Orc:2    | Killed an orc high priest
 24511 | Orc:2    | Noticed Nergalle
 24523 | Orc:2    | Killed Nergalle
 24532 | Orc:2    | Noticed an orc warlord
 24989 | Orc:1    | Killed an orc warlord
 25089 | Orc:2    | Noticed a two-headed ogre
 25090 | Orc:2    | Paralysed by an ogre mage for 3 turns
 25096 | Orc:2    | Killed an ogre mage
 25097 | Orc:2    | HP: 2/169 [two-headed ogre/+0 giant club (16)]
 25097 | Orc:2    | Demolished by a two-headed ogre

Illustrated notes

Levels and vault maps discovered:
D:1:      roderic_dead_forest, layout_rooms, minmay_misc_feat_encased,
          palyth_stone_intersect, minmay_bisected
D:2:      layout_basic, chequers_ecumenical_altar_simple, basic_altar,
          minmay_gold_behind_fungi, uniq_jessica
D:3:      layout_loops_ring, mainiacjoe_overflow_catch_the_wave,
          grunt_ministairs_7
D:4:      layout_basic, minmay_temple_entry_wispy
D:5:      layout_basic, mainiacjoe_overflow_brackets, serial_curves,
          eino_curves_03, eino_curves_02, eino_curves_01, uniq_blork_the_orc,
          uniq_duvessa, uniq_grinder
D:6:      layout_cave_pods, serial_shops, shop, minmay_misc_feat_plants,
          minmay_fractal_squares_diagonal_5
D:7:      layout_rooms, lemuel_crystal_altar,
          gammafunk_temple_overflow_elements, uniq_maurice
D:8:      minmay_octagon_keep, layout_loops_cross, serial_shops,
          nicolae_shop_hallway_plus, serial_ice, serial_ice_d, serial_ice_o,
          serial_ice_j, serial_ice_c, nicolae_diode_quadrants
D:9:      layout_stronghold, uniq_pikel, uniq_erolcha
D:10:     layout_gridville, serial_glass, glass_columns_b, glass_columns_b
D:11:     layout_basic, erik_lair_island, david_orc_5,
          nicolae_yredelemnul_corpse_copse
Orc:1:    layout_caves
Orc:2:    grunt_orc_cross, layout_caves, basic_altar,
          nicolae_volcano_entry_batcave, serial_shops, shop

Skill      XL: |  1  2  3  4  5  6  7  8  9 10 11 12 |
---------------+-------------------------------------+-----
Axes           | 4 |  4.3
Fighting       | 4 5 6 7 9 10 11 12 | 12.5
Long Blades    | 1 2 3 5 6 7 9 11 13 14 16 | 16.5
Ranged Weapons | 2 4 6 9 10 12 14 | 14.4
Armour         | 3 |  3.4
Dodging        | |  3.2

Action                     |  1- 3 |  4- 6 |  7- 9 | 10-12 || total
---------------------------+-------+-------+-------+-------++-------
  Melee: Hand axe          |    24 |       |       |       ||    24
         Headbutt          |     2 |    10 |    31 |    61 ||   104
         Falchion          |    10 |    78 |    98 |    50 ||   236
         Triple sword      |     2 |     5 |    21 |   245 ||   273
         Punch             |       |       |       |     1 ||     1
   Fire: Sling             |    35 |    27 |    58 |     2 ||   122
         Arbalest          |       |     2 |    36 |   225 ||   263
  Throw: Boomerang         |       |     6 |     4 |     1 ||    11
         Dart              |       |     1 |       |       ||     1
 Invoke: Berserk           |       |     2 |     6 |    11 ||    19
         Trog's Hand       |       |       |     4 |    14 ||    18
  Evoke: Wand              |       |       |     3 |     4 ||     7
         Tin of tremorston |       |       |       |     4 ||     4
    Use: Scroll            |     1 |     5 |     1 |    15 ||    22
         Potion            |       |       |       |     1 ||     1
   Stab: Distracted        |       |       |       |     1 ||     1
         Invisible         |       |       |       |     1 ||     1
 Armour: Robe              |     7 |       |       |       ||     7
         Scale mail        |     9 |    23 |       |       ||    32
         Chain mail        |       |    28 |   117 |   323 ||   468
         Plate armour      |       |       |       |    87 ||    87
  Dodge: Dodged            |    23 |    41 |   118 |   288 ||   470

Table legend: (Time is in decaauts)
 A = Elapsed time spent in this place.
 B = Non-inter-level travel time spent in this place.
 C = Inter-level travel time spent in this place.
 D = Time resting spent in this place.
 E = Time spent auto-exploring this place.
 F = Levels seen in this place.
 G = Mean time per level.
                   A        B        C        D        E       F      G
               +--------+--------+--------+--------+--------+-----+--------+
         Total |  25642 |  25285 |    357 |  15464 |   7146 |  13 | 1972.5 |
       Dungeon |  21105 |  20765 |    340 |  11912 |   6672 |  11 | 1918.6 |
  Orcish Mines |   4537 |   4520 |     17 |   3552 |    474 |   2 | 2268.5 |
               +--------+--------+--------+--------+--------+-----+--------+

Top non-repeatable levels by time:
    D:11: 5745 daAuts
     D:8: 4337 daAuts
   Orc:1: 2656 daAuts
     D:6: 2390 daAuts
     D:9: 2071 daAuts
   Orc:2: 1881 daAuts
     D:5: 1637 daAuts
     D:4: 1252 daAuts
     D:3: 929 daAuts
    D:10: 812 daAuts
     D:7: 720 daAuts
     D:1: 639 daAuts
     D:2: 567 daAuts
